 Dungeon Crawl Stone Soup version 0.30-a0-719-gcc4359ea44 (webtiles) character file.

Game seed: 11609208799453245757

339 BigDaddyOpFi the Trooper (level 6, -7/61 HPs)
             Began as a Troll Delver on Jan 26, 2023.
             Mangled by an ogre
             ... wielding a +0 giant club
              (23 damage)
             ... on level 6 of the Dungeon.
             The game lasted 00:01:39 (1251 turns).

BigDaddyOpFi the Trooper (Troll Delver)             Turns: 1251, Time: 00:01:39

Health: -7/61      AC:  5    Str: 23    XL:     6   Next: 29%
Magic:  14/14      EV: 10    Int:  6    God:
Gold:   106        SH:  0    Dex:  9    Spells: 5/5 levels left

rFire   + . .      SeeInvis +    l - +7 mace of Yneamaog {flame, rPois Dex-2 SInv}
rCold   . . .      Faith    .    (no shield)
rNeg    . . .      Spirit   .    a - +0 robe
rPois   +          Reflect  .    (helmet restricted)
rElec   .          Harm     .    p - +0 cloak
rCorr   .          Rampage  .    (gloves unavailable)
Will    .....                    (boots unavailable)
Stlth   ++                       (no amulet)
HPRegen 1.10/turn                g - ring of magical power
MPRegen 0.14/turn                h - ring of protection from fire

@: no status effects
A: large, unfitting armour, claws 3, regeneration 1, shaggy fur 1, tough skin 1
a: no special abilities


You were on level 6 of the Dungeon.
You visited 1 branch of the dungeon, and saw 2 of its levels.

You collected 106 gold pieces.

Inventory:

Hand Weapons
 l - the +7 mace of Yneamaog (weapon) {flame, rPois Dex-2 SInv}
   (You found it on level 5 of the Dungeon)

   Dex:       It affects your dexterity (-2).
   rPois:     It protects you from poison.
   SInv:      It lets you see invisible.
Missiles
 k - 4 boomerangs (quivered)
Armour
 a - a +0 robe (worn)
 p - a +0 cloak (worn)
Jewellery
 g - a ring of magical power (left claw)
 h - a ring of protection from fire (right claw)
Wands
 f - a wand of digging (3)
 r - a wand of roots (5)
Scrolls
 b - a scroll of fog
 c - a scroll of magic mapping
 d - a scroll of fear
 i - a scroll of teleportation
 m - a scroll of acquirement {unknown}
 o - a scroll of noise {unknown}
 q - 2 scrolls of blinking {unknown}
Potions
 e - a potion of haste
 n - a potion of attraction {unknown}


   Skills:
 + Level 3.6 Fighting
 + Level 1.8 Maces & Flails
 + Level 3.0 Dodging
 + Level 3.4 Stealth
 - Level 2.9 Unarmed Combat


You had 5 spell levels left.
You didn't know any spells.
Your spell library was empty.

Dungeon Overview and Level Annotations

Branches:
Dungeon (6/15)
 Temple: D:4-7

Altars:


Innate Abilities, Weirdness & Mutations

You are too large for most types of armour.
You have claws for hands.
Your natural rate of healing is unusually fast.
You are covered in fur. (AC +1)
You have tough skin. (AC +1)


Message History

No target in view!
Done exploring.
No target in view!
Done exploring.
No target in view!
No target in view!
(D) Dungeon
Where to? (Enter - D:5 @ (x,y), ? - help)
There is a stone staircase leading down here.
You climb downwards.
Found a falchion, a scroll of teleportation and a forked iron wand.
There is a stone staircase leading up here.
r - a wand of roots (5)
You see here a +0 falchion.
An ogre comes into view. It is wielding a +0 giant club.
An ogre is nearby!
An ogre is nearby!
The helpless ogre fails to defend itself.
You hit the ogre. You burn the ogre. You claw the ogre.
The ogre is heavily wounded.
The ogre hits you with a +0 giant club!!
You barely miss the ogre.
The ogre is heavily wounded.
The ogre hits you with a +0 giant club!!
You are too injured to fight recklessly!
It was a potion of curing.
You feel better.
You barely miss the ogre.
The ogre is heavily wounded.
The ogre closely misses you.
You barely miss the ogre.
The ogre is moderately wounded.
The ogre closely misses you.
You hit the ogre. You burn the ogre.
The ogre is severely wounded.
The ogre hits you with a +0 giant club!!
* * * LOW HITPOINT WARNING * * *
You barely miss the ogre.
The ogre is severely wounded.
The ogre hits you with a +0 giant club!!
You die...

...####.........#
................#
.............)..#
...............<#
........?.......#
........^.......#
.........########
.........#
.......@.#
######O..# #...#
#####


You could see an ogre.

Vanquished Creatures
  A black bear (D:5)
  A centaur (D:5)
  2 scorpions (D:5)
  An iguana (D:5)
  2 adders (D:5)
  A shadow imp (D:5)
  A white imp (D:5)
  A quokka (D:5)
10 creatures vanquished.

Notes
Turn   | Place    | Note
-------+----------+-------------------------------------------
     0 | D:5      | BigDaddyOpFi the Troll Delver began the quest for the Orb.
     0 | D:5      | Reached XP level 1. HP: 22/22 MP: 0/0
   258 | D:5      | Noticed a black bear
   273 | D:5      | Killed a black bear
   274 | D:5      | Reached XP level 2. HP: 21/31 MP: 1/1
   274 | D:5      | Reached XP level 3. HP: 25/37 MP: 2/2
   274 | D:5      | Reached XP level 4. HP: 31/45 MP: 3/3
   389 | D:5      | Identified the +7 mace of Yneamaog {flame, rPois Dex-2
                  | SInv}
   692 | D:5      | Noticed a scorpion
   698 | D:5      | Killed a scorpion
   699 | D:5      | Reached XP level 5. HP: 37/53 MP: 4/4
   966 | D:5      | Reached skill level 1 in Maces & Flails
  1015 | D:5      | Noticed a centaur
  1019 | D:5      | Killed a centaur
  1020 | D:5      | Reached XP level 6. HP: 48/61 MP: 5/5
  1251 | D:6      | Mangled by an ogre

Illustrated notes

Levels and vault maps discovered:
D:5:      layout_gridville
D:6:      layout_rooms, lemuel_round_altar, gammafunk_temple_overflow_statue,
          hex_large

Skill      XL: |  1  2  3  4  5  6 |
---------------+-------------------+-----
Fighting       | 3 |  3.6
Dodging        | 2 3 |  3.0
Stealth        | 3 |  3.4
Maces & Flails | 1 |  1.8
Unarmed Combat | |  2.9

Action                     |  1- 3 |  4- 6 || total
---------------------------+-------+-------++-------
  Melee: Unarmed           |    13 |     8 ||    21
         Punch             |     1 |     2 ||     3
         Mace              |       |    23 ||    23
  Throw: Boomerang         |       |     3 ||     3
    Use: Potion            |     1 |     1 ||     2
         Scroll            |     1 |       ||     1
   Stab: Sleeping          |       |     2 ||     2
 Armour: Robe              |     6 |     4 ||    10
  Dodge: Dodged            |     5 |    16 ||    21

Table legend: (Time is in decaauts)
 A = Elapsed time spent in this place.
 B = Non-inter-level travel time spent in this place.
 C = Inter-level travel time spent in this place.
 D = Time resting spent in this place.
 E = Time spent auto-exploring this place.
 F = Levels seen in this place.
 G = Mean time per level.
                   A        B        C        D        E       F      G
               +--------+--------+--------+--------+--------+-----+--------+
         Total |   1237 |   1177 |     60 |    421 |    505 |   2 |  618.5 |
       Dungeon |   1237 |   1177 |     60 |    421 |    505 |   2 |  618.5 |
               +--------+--------+--------+--------+--------+-----+--------+

Top non-repeatable levels by time:
     D:5: 1216 daAuts
     D:6: 21 daAuts
